 Dungeon Crawl Stone Soup version 0.16.0-17-g811c1d7 (webtiles) character file.

1429 Chiseanne the Magician (level 8, -31/53 HPs)
             Began as a Demonspawn Wizard on Mar 22, 2015.
             Was a Believer of Vehumet.
             Hit by a large rock thrown by a cyclops (42 damage)
             ... on level 7 of the Dungeon.
             The game lasted 00:23:27 (7753 turns).

Chiseanne the Magician (Demonspawn Wizard)          Turns: 7753, Time: 00:23:27

Health: -31/53     AC: 10    Str: 12    XL:     8   Next: 44%
Magic:  5/23       EV: 11    Int: 22    God:    Vehumet [**....]
Gold:   340        SH:  0    Dex: 11    Spells: 5 memorised, 11 levels left

rFire  . . .     SeeInvis .     d - -4 trident of the Seven Nights {venom, rElec MR+ Stlth+}
rCold  + . .     Clarity  .     q - +1 leather armour {rC+}
rNeg   . . .     SustAb   .     (no shield)
rPois  .         Gourm    .     b - +1 hat
rElec  +         Spirit   .     D - +0 cloak
rCorr  .         Warding  .     (no gloves)
rMut   .         Stasis   .     m - +2 pair of boots
MR     +....                    (no amulet)
Stlth  ++++......               (no ring)
                                F - +4 ring of strength

@: very slightly contaminated, repel missiles, somewhat resistant to hostile
enchantments, stealthy
A: horns 1, rugged brown scales 1, nightstalker 2, sense surroundings 1, powered
by death 1
a: Renounce Religion


You were on level 7 of the Dungeon.
You worshipped Vehumet.
Vehumet was pleased with you.
You were not hungry.

You visited 1 branch of the dungeon, and saw 7 of its levels.

You collected 340 gold pieces.

Inventory:

Hand weapons
 a - a +0 whip of pain
 d - the -4 trident of the Seven Nights (weapon) {venom, rElec MR+ Stlth+}
   (You found it on level 6 of the Dungeon)

   It poisons the flesh of those it strikes.
   It insulates you from electricity.
   It affects your resistance to hostile enchantments.
   It makes you more stealthy.
 s - a +0 rapier
Missiles
 o - 33 poisoned needles
Armour
 b - a +1 hat (worn)
 m - a +2 pair of boots (worn)
 q - a +1 leather armour of cold resistance (worn)
 u - a cursed +0 ring mail
 y - a +0 shield
 D - a +0 cloak (worn)
Jewellery
 z - an uncursed ring of ice
 F - a +4 ring of strength (left hand)
Magical devices
 j - a wand of random effects (43)
 x - a wand of paralysis (11)
Scrolls
 g - a scroll of identify
 h - a scroll of immolation
 k - 2 scrolls of teleportation
 n - a scroll of recharging
 p - a scroll of blinking
Potions
 e - a potion of restore abilities
 f - a potion of cancellation
 i - 2 potions of haste
 l - 2 potions of curing
 r - a potion of heal wounds
 t - a potion of lignification
 B - a potion of cure mutation
Books
 c - a book of Minor Magic

   Spells                             Type                      Level
   a - Magic Dart                     Conjuration                  1
   b - Blink                          Translocation                2
   c - Call Imp                       Summoning                    2
   d - Repel Missiles                 Charms/Air                   2
   e - Slow                           Hexes                        2
   f - Conjure Flame                  Conjuration/Fire             3
   g - Mephitic Cloud                 Conjuration/Poison/Air       3
Comestibles
 v - 2 meat rations
 w - 2 beef jerkies
 E - 3 bread rations


   Skills:
 - Level 1.7 Dodging
 - Level 1.7 Stealth
 * Level 7.9 Spellcasting
 * Level 6.8 Conjurations
   Level 1.0 Summonings
 - Level 0.8 Translocations


You had 11 spell levels left.
You knew the following spells:

 Your Spells              Type           Power        Failure   Level  Hunger
a - Magic Dart            Conj           ####         1%          1    None
b - Repel Missiles        Chrm/Air       #.....       17%         2    None
c - Conjure Flame         Conj/Fire      ###.....     10%         3    None
d - Mephitic Cloud        Conj/Pois/Air  ###.....     14%         3    None
e - Blink                 Tloc           N/A          12%         2    None


Dungeon Overview and Level Annotations

Branches:
Dungeon (7/15)             Temple (0/1) D:6

Altars:
Elyvilon
Fedhas
Nemelex Xobeh
Vehumet


Innate Abilities, Weirdness & Mutations

You have a pair of small horns on your head.
You are partially covered in rugged brown scales (AC +1, +3% HP).
You are significantly more attuned to the shadows.
You can steal the life force of nearby defeated enemies.
You passively map a small area around you.


Message History

Press: ? - help, Shift-Dir - straight line, f - hippogriff
Aim: a hippogriff (moderately wounded, bewildered and confused)
The magic dart hits the hippogriff.
The hippogriff is moderately wounded.
Casting: Magic Dart
Confirm with . or Enter, or press ? or * to list all spells.
Aiming: Magic Dart
Press: ? - help, Shift-Dir - straight line, f/p - hippogriff
Aim: a hippogriff (moderately wounded, bewildered and confused)
The magic dart hits the hippogriff.
The hippogriff is heavily wounded.
Casting: Magic Dart
Confirm with . or Enter, or press ? or * to list all spells.
Aiming: Mephitic Cloud
Press: ? - help, Shift-Dir - straight line, f - cyclops
Aim: a cyclops (lightly wounded)
You miscast Mephitic Cloud.
Your skin glows momentarily.
The cyclops throws a large rock.
The large rock hits you!!!
Ouch! That really hurt!
You die...

##.........#### * *
#...####'##...# ,, * ,
#...'.....'...# , *#..
#...#.###.#...# ##....
#...#'###.#...# ##......
#...#..'..#...#####.?.....
, ,
#>..#..#..#...#.##.........
,
#...+..#..'...(.+#.........
...#+#####...#@##.......♣.,
#....#####'#...'C......C
#....'.....+.§.'.......$ ,
####....#######.§§#.......
.#..#........####.#......,
, ....#........+.>#.#.....
, , ....#........#..+.##...
, ,, ....+........#'##..##.
,, ,
'##.#...............##, , ,


You could see a cyclops.

Vanquished Creatures
  A two-headed ogre (D:7)
  A sky beast (D:6)
  2 phantoms (D:4)
  2 centaurs (D:6)
  An ogre (D:4)
  Duvessa (D:5)
  A wight (D:6)
  Dowan (D:5)
  A centaur skeleton (D:4)
  2 crimson imps (D:6)
  2 orc priests
  3 hounds
  4 worker ants
  Jessica (D:3)
  A hound skeleton (D:7)
  8 adders
  2 giant mites
  2 worms
  An adder skeleton (D:6)
  4 giant geckos
  17 orcs
  A ball python (D:4)
  16 bats
  2 bat skeletons
  6 goblins
  14 hobgoblins
  12 jackals
  11 kobolds
  4 giant cockroaches
  A giant gecko zombie (D:5)
  2 giant newts (D:3)
  A giant spore (D:6)
  6 quokkas
  11 rats
  4 ballistomycetes (D:6)
149 creatures vanquished.

Notes
Turn   | Place    | Note
--------------------------------------------------------------
     0 | D:1      | Chiseanne, the Demonspawn Wizard, began the quest for the Orb.
     0 | D:1      | Reached XP level 1. HP: 13/13 MP: 4/4
   524 | D:1      | Gained mutation: You can steal the life force of nearby defeated enemies. [demonic ancestry]
   524 | D:1      | Reached XP level 2. HP: 19/19 MP: 1/6
  1231 | D:2      | Reached XP level 3. HP: 24/24 MP: 0/8
  1421 | D:2      | Reached skill level 4 in Spellcasting
  2360 | D:3      | Found a blossoming altar of Fedhas.
  2472 | D:3      | Noticed Jessica
  2477 | D:3      | Killed Jessica
  2477 | D:3      | Gained mutation: You have a pair of small horns on your head. [demonic ancestry]
  2477 | D:3      | Reached XP level 4. HP: 30/30 MP: 4/11
  2535 | D:3      | Learned a level 2 spell: Repel Missiles
  2539 | D:3      | Learned a level 3 spell: Conjure Flame
  2543 | D:3      | Learned a level 3 spell: Mephitic Cloud
  2546 | D:3      | Learned a level 2 spell: Blink
  2655 | D:3      | Found a white marble altar of Elyvilon.
  3046 | D:3      | Gained mutation: You passively map a small area around you. [potion of beneficial mutation]
  3092 | D:3      | Reached XP level 5. HP: 12/35 MP: 0/14
  3339 | D:3      | Found a radiant altar of Vehumet.
  3389 | D:3      | Became a worshipper of Vehumet
  3596 | D:3      | Reached skill level 5 in Spellcasting
  4197 | D:4      | Noticed a phantom
  4211 | D:4      | Killed a phantom
  4211 | D:4      | Gained mutation: You are slightly more attuned to the shadows. [demonic ancestry]
  4211 | D:4      | Reached XP level 6. HP: 37/41 MP: 1/18
  4376 | D:4      | HP: 2/41 [orc wizard/dagger of draining (3)]
  4566 | D:4      | Noticed an ogre
  4574 | D:4      | Killed an ogre
  4663 | D:4      | Found a sparkling altar of Nemelex Xobeh.
  5132 | D:4      | Noticed a phantom
  5154 | D:4      | Killed a phantom
  5155 | D:4      | Acquired Vehumet's first power
  5155 | D:4      | Offered knowledge of Shock by Vehumet.
  5175 | D:4      | Reached skill level 6 in Spellcasting
  5320 | D:5      | Entered Level 5 of the Dungeon
  5338 | D:5      | Gained mutation: You are partially covered in rugged brown scales (AC +1, +3% HP). [demonic ancestry]
  5338 | D:5      | Reached XP level 7. HP: 41/47 MP: 17/20
  5457 | D:5      | Noticed Dowan
  5458 | D:5      | Noticed Duvessa
  5465 | D:5      | Killed Dowan
  5509 | D:5      | Killed Duvessa
  5643 | D:5      | Reached skill level 5 in Conjurations
  6438 | D:6      | Got a scorched trident
  6439 | D:6      | Identified the -4 trident of the Seven Nights {venom, rElec MR+ Stlth+} (You found it on level 6 of the Dungeon)
  6608 | D:6      | Reached skill level 7 in Spellcasting
  6744 | D:6      | Found a staircase to the Ecumenical Temple.
  6760 | D:6      | Offered knowledge of Freeze by Vehumet.
  7046 | D:6      | Gained mutation: You are significantly more attuned to the shadows. [demonic ancestry]
  7046 | D:6      | Reached XP level 8. HP: 53/53 MP: 18/23
  7405 | D:6      | You fall through a shaft!
  7683 | D:7      | Noticed a two-headed ogre
  7685 | D:7      | Noticed a cyclops
  7703 | D:7      | Killed a two-headed ogre
  7753 | D:7      | Hit by a large rock thrown by a cyclops

Action                   |  1- 3 |  4- 6 |  7- 9 || total
-------------------------+-------+-------+-------++-------
Melee: Short sword       |    29 |     2 |       ||    31
       Whip              |       |    18 |     6 ||    24
       Trident           |       |       |    29 ||    29
 Cast: Magic Dart        |    99 |   192 |   164 ||   455
       Mephitic Cloud    |       |     3 |    11 ||    14
       Repel Missiles    |       |     1 |     1 ||     2
       Conjure Flame     |       |     1 |       ||     1
  Use: Scroll            |       |    15 |     7 ||    22
       Potion            |       |     4 |       ||     4
  Eat: Chunk             |     3 |     9 |     7 ||    19
       Pizza             |     1 |       |       ||     1
